 Dungeon Sprint DCSS version 0.25-a0-413-g3b4b6a4 (webtiles) character file.

Game seed: 12068928456215840725, levelgen mode: deterministic

4200000 Krakonus1 the Centaur Ballista (level 23, -13/240 HPs)
             Began as a Centaur Gladiator on Jan 16, 2020.
             Was the Champion of Makhleb.
             Mangled by a destroyer
             ... wielding a +9 great sword of slicing
              (47 damage)
             ... in the Dungeon (Sprint VIII: "Arena of Blood").
             The game lasted 00:04:02 (42 turns).

Krakonus1 the Centaur Ballista (Centaur Gladiator)    Turns: 42, Time: 00:04:03

Health: -13/240    AC: 10    Str: 19    XL:     23   Next: 72%
Magic:  22/52      EV: 31    Int:  7    God:    Makhleb [******]
Gold:   0          SH:  0    Dex: 19    Spells: 73/73 levels left

rFire    . . .     SeeInvis .   l - +∞ Axe of Woe
rCold    . . .     Gourm    .   (shield currently unavailable)
rNeg     . . .     Faith    .   b - +0 leather armour
rPois    .         Spirit   .   c - +0 helmet
rElec    .         Reflect  .   (no cloak)
rCorr    .         Harm     .   (no gloves)
MR       +....     NoTele   +   (no barding)
Stlth    +++++++++.             (no amulet)
HPRegen  0.50/turn              (no ring)
MPRegen  0.33/turn              (no ring)

@: very quick
A: large, hooves 3, deformed body, speed 2, tough skin 3
a: Minor Destruction, Lesser Servant of Makhleb, Major Destruction, Greater
Servant of Makhleb, Renounce Religion


You were in the Dungeon.
You worshipped Makhleb.
Makhleb was exalted by your worship.
You were not hungry.

You visited 1 branch

Inventory:

Hand Weapons
 a - a +0 war axe
 l - the +∞ Axe of Woe (weapon)
   (You found it in the Dungeon)
Missiles
 d - 3 throwing nets (quivered)
Armour
 b - a +0 leather armour (worn)
 c - a +0 helmet (worn)
Scrolls
 k - a scroll of blinking
Potions
 e - a potion of curing
 g - a potion of heal wounds
 h - a potion of haste
 i - 2 potions of magic
 j - a potion of berserk rage
Comestibles
 f - a ration


   Skills:
 O Level 27 Fighting
 O Level 27 Axes
 O Level 27 Throwing
 O Level 27 Armour
 O Level 27 Dodging
 O Level 27 Stealth
 O Level 27 Unarmed Combat
 + Level 25.6 Spellcasting
 O Level 27 Invocations


You had 73 spell levels left.
You didn't know any spells.
Your spell library was empty.

Dungeon Overview and Level Annotations

Branches:
Dungeon (1/1)

Altars:
Makhleb

Annotations:
D The Servant


Innate Abilities, Weirdness & Mutations

You have hooves in place of feet.
Armour fits poorly on your strangely shaped body.
You cover ground very quickly.
You have extremely tough skin. (AC +3)


Message History

Makhleb accepts your kill.
You feel better.
Your Spellcasting skill increases to level 25!
The sculptor of flesh appears out of thin air!
A sculptor of flesh comes into view. It is wielding a +9 great sword.
You hear a shout!
A destroyer comes into view.
It is wielding a +9 great sword of slicing.
You hear a shout!
A sculptor of flesh comes into view. It is wielding a +9 great sword.
A destroyer comes into view.
It is wielding a +9 great sword of slicing.
The destroyer is engulfed in blazing flames.
The bag of meat is engulfed in blazing flames.
You hear a shout! x3 2 orcs, an ogre and a vampire knight come into view.
The destroyer is wielding a +9 great sword of slicing.
You hear a shout! x3
The destroyer hits you with a +9 great sword of slicing!!!!!
Ouch! That really hurt!
* * * LOW HITPOINT WARNING * * *
You die...

..... ... O... #.V..
..# .#... #... ..# .
.....###... ..###..
..V......z###.......
..#........_).......
#.......#.°°o§#
........#§§°)_# .
#V.VV..@#.@§○.#....
..#..VV))V§○.......
.z.V...§O§###......
o....###oOO....###.
..... #§☼.o...# o...


#o.ooOo.# ... .o...o.... .#. ..o...o.... .....V..... You could see 9 destroyers,
a sculptor of flesh (wandering), 2 large bags of meat, 3 meat berserkers and 12
bags of meat.

Vanquished Creatures
  2 vampire knights (D)
  10 ogres (D)
  4 two-headed ogres (D)
  A hydra (D)
  23 orcs (D)
40 creatures vanquished.

Notes
Turn   | Place    | Note
-------+----------+-------------------------------------------
     0 | D        | Found the +∞ Axe of Woe
     0 | D        | Krakonus1 the Centaur Gladiator began the quest for the
                  | Orb.
     0 | D        | Reached XP level 1. HP: 17/17 MP: 1/1
     1 | D        | Noticed a meat berserker
     3 | D        | Became a worshipper of Makhleb the Destroyer
     4 | D        | Noticed a bag of meat
     5 | D        | Noticed a bag of meat
     8 | D        | Killed a bag of meat
     8 | D        | Reached skill level 15 in Throwing
     8 | D        | Reached XP level 2. HP: 47/47 MP: 2/2
     8 | D        | Reached XP level 3. HP: 53/53 MP: 3/3
     8 | D        | Reached XP level 4. HP: 61/61 MP: 4/4
     8 | D        | Reached XP level 5. HP: 68/68 MP: 5/5
     8 | D        | Reached XP level 6. HP: 75/75 MP: 6/6
     8 | D        | Reached XP level 7. HP: 82/82 MP: 7/7
     8 | D        | Reached XP level 8. HP: 90/90 MP: 8/8
     8 | D        | Reached XP level 9. HP: 96/96 MP: 9/9
     8 | D        | Reached XP level 10. HP: 104/104 MP: 10/10
     8 | D        | Reached XP level 11. HP: 111/111 MP: 11/11
     8 | D        | Noticed a bag of meat
     8 | D        | Noticed a bag of meat
     8 | D        | Noticed a meat berserker
    10 | D        | Killed a meat berserker
    10 | D        | Reached * piety under Makhleb
    10 | D        | Reached XP level 12. HP: 85/127 MP: 12/12
    10 | D        | Reached XP level 13. HP: 90/134 MP: 13/13
    10 | D        | Noticed a bag of meat
    11 | D        | Noticed a bag of meat
    11 | D        | Noticed a bag of meat
    12 | D        | Noticed a bag of meat
    13 | D        | Killed a bag of meat
    13 | D        | Reached skill level 20 in Throwing
    13 | D        | Reached skill level 15 in Dodging
    13 | D        | Reached XP level 14. HP: 138/146 MP: 14/14
    13 | D        | Killed a bag of meat
    13 | D        | Reached skill level 20 in Fighting
    13 | D        | Noticed a bag of meat
    13 | D        | Noticed a bag of meat
    14 | D        | Noticed a bag of meat
    14 | D        | Killed a meat berserker
    14 | D        | Reached ** piety under Makhleb
    14 | D        | Reached skill level 20 in Axes
    14 | D        | Reached XP level 15. HP: 152/160 MP: 15/15
    14 | D        | Noticed a meat berserker
    15 | D        | Reached XP level 16. HP: 172/172 MP: 16/16
    16 | D        | Reached *** piety under Makhleb
    16 | D        | Noticed a meat berserker
    17 | D        | Reached skill level 20 in Dodging
    18 | D        | Reached skill level 27 in Throwing
    18 | D        | Reached XP level 17. HP: 187/187 MP: 17/17
    19 | D        | Reached **** piety under Makhleb
    20 | D        | Killed a meat berserker
    20 | D        | Reached skill level 27 in Fighting
    20 | D        | Reached skill level 27 in Axes
    20 | D        | Reached XP level 18. HP: 200/200 MP: 18/18
    20 | D        | Noticed a large bag of meat
    21 | D        | Noticed a destroyer
    21 | D        | Noticed a large bag of meat
    23 | D        | Noticed a large bag of meat
    23 | D        | Reached ***** piety under Makhleb
    23 | D        | Killed a meat berserker
    23 | D        | Reached skill level 27 in Dodging
    23 | D        | Noticed a meat berserker
    24 | D        | Killed a destroyer
    24 | D        | Reached skill level 15 in Armour
    24 | D        | Reached XP level 19. HP: 207/207 MP: 19/19
    24 | D        | Noticed a meat berserker
    25 | D        | Reached skill level 15 in Stealth
    25 | D        | Killed a large bag of meat
    26 | D        | Reached skill level 20 in Armour
    26 | D        | Reached XP level 20. HP: 216/216 MP: 20/20
    27 | D        | Killed a large bag of meat
    28 | D        | Noticed a meat berserker
    28 | D        | Noticed a large bag of meat
    29 | D        | Noticed The Servant
    29 | D        | Noticed an eight-headed meat hydra
    30 | D        | Killed a meat berserker
    30 | D        | Reached ****** piety under Makhleb
    31 | D        | Killed a meat berserker
    31 | D        | Reached XP level 21. HP: 224/224 MP: 21/21
    32 | D        | Killed a large bag of meat
    32 | D        | Reached skill level 27 in Armour
    33 | D        | Noticed a large bag of meat
    33 | D        | Noticed a large bag of meat
    33 | D        | Noticed a destroyer
    34 | D        | Reached skill level 27 in Stealth
    34 | D        | Reached skill level 5 in Spellcasting
    35 | D        | Reached skill level 10 in Spellcasting
    35 | D        | Reached skill level 15 in Invocations
    35 | D        | Reached XP level 22. HP: 138/233 MP: 21/37
    36 | D        | Noticed a destroyer
    36 | D        | Killed a large bag of meat
    36 | D        | Reached skill level 15 in Spellcasting
    36 | D        | Reached skill level 20 in Invocations
    36 | D        | Noticed a destroyer
    36 | D        | Noticed a destroyer
    37 | D        | Noticed a destroyer
    37 | D        | Noticed a destroyer
    38 | D        | Reached skill level 20 in Unarmed Combat
    38 | D        | Killed a destroyer
    38 | D        | Reached XP level 23. HP: 159/240 MP: 21/46
    39 | D        | Reached skill level 20 in Spellcasting
    39 | D        | Reached skill level 27 in Invocations
    40 | D        | Noticed a destroyer
    40 | D        | Reached skill level 27 in Unarmed Combat
    40 | D        | Noticed a destroyer
    41 | D        | Noticed a destroyer
    41 | D        | Noticed a destroyer
    42 | D        | Noticed a destroyer
    42 | D        | Mangled by a destroyer

Levels and vault maps discovered:
D:        meatsprint

Skill      XL: |  1  2  3  4  5  6  7  8  9 10 11 12 13 14 15 16 17 18 19 20 21 22 23 |
---------------+----------------------------------------------------------------------+-----
Fighting       | 14 18 19 22 23 25 27 | 27.0
Axes           | 13 17 18 20 22 24 27 | 27.0
Throwing       | 15 19 20 23 25 27 | 27.0
Dodging        | 11 14 15 17 19 20 24 27 | 27.0
Armour         | 15 20 26 27 | 27.0
Stealth        | 14 19 24 27 | 27.0
Unarmed Combat | 14 23 27 | 27.0
Spellcasting   | 11 19 25 | 25.6
Invocations    | 15 25 27 | 27.0

Action                   |  1- 3 |  4- 6 |  7- 9 | 10-12 | 13-15 | 16-18 | 19-21 | 22-24 || total
-------------------------+-------+-------+-------+-------+-------+-------+-------+-------++-------
Melee: Executioner's axe |     1 |       |       |     1 |     3 |     7 |     9 |     5 ||    26
Dodge: Dodged            |       |       |       |     1 |       |       |     2 |       ||     3

Table legend:
 A = Non-vault XP
 B = Vault XP
 C = Vault XP percentage of total XP
 D = Non-vault monster count
 E = Vault monster count
 F = Vault count percentage of total count
                 A         B        C        D         E       F
            +---------+---------+-------+---------+---------+-------
      Total |  561550 |  385809 |  40.7 |      20 |      20 |  50.0
            +---------+---------+-------+---------+---------+-------
          D |  561550 |  385809 |  40.7 |      20 |      20 |  50.0
            +---------+---------+-------+---------+---------+-------
